 Dungeon Crawl Stone Soup version 0.23.2-30-g0e89c35649 (webtiles) character file.

Game seed: 13046355199704318456

17518 mahrnol the Grappler (level 12, -3/109 HPs)
             Began as a Troll Monk on June 13, 2019.
             Was a High Priest of Wu Jian.
             Slain by a troll (10 damage)
             ... on level 7 of the Dungeon.
             The game lasted 01:01:55 (11279 turns).

mahrnol the Grappler (Troll Monk)                  Turns: 11279, Time: 01:01:56

Health: -3/109     AC: 10    Str: 22    XL:     12   Next: 19%
Magic:  11/11      EV: 14    Int:  8    God:    Wu Jian [*****.]
Gold:   739        SH:  0    Dex: 19    Spells: 10/11 levels left

rFire    . . .     SeeInvis .     - Unarmed
rCold    . . .     Gourm    +   (no shield)
rNeg     + . .     Faith    .   T - +0 troll leather armour
rPois    .         Spirit   .   S - +1 hat
rElec    .         Reflect  .   J - +0 cloak
rCorr    .         Harm     .   (gloves unavailable)
MR       .....                  (boots unavailable)
Stlth    +++.......             Y - amulet "Kutots" {+Rage Int+2 Dex+3}
HPRegen  1.08/turn              x - ring of positive energy
MPRegen  0.12/turn              (no ring)

@: no status effects
A: large, unfitting armour, claws 3, fast metabolism 3, gourmand, regeneration
1, shaggy fur 1, tough skin 3
a: Wall Jump, Serpent's Lash, Heavenly Storm, Renounce Religion, Evoke Berserk
Rage


You were on level 7 of the Dungeon.
You worshipped Wu Jian.
Wu Jian was extremely pleased with you.
You were very full.

You visited 2 branches of the dungeon, and saw 12 of its levels.

You collected 739 gold pieces.

Inventory:

Hand Weapons
 p - a +2 dagger of draining
 y - a +0 hand axe of freezing
 I - a +2 dire flail of protection
 L - a +2 flail of freezing
 O - a +0 blowgun
Missiles
 e - 67 sling bullets
 n - 62 poisoned needles
 t - 6 tomahawks
 u - a throwing net (quivered)
 P - 7 needles of confusion
Armour
 J - a +0 cloak (worn)
 S - a +1 hat (worn)
 T - a +0 troll leather armour (worn)
Jewellery
 x - a ring of positive energy (left claw)
 F - an uncursed amulet of regeneration
 Y - the amulet "Kutots" (around neck) {+Rage Int+2 Dex+3}
   (You found it on level 10 of the Dungeon)

   [amulet of rage]

   It affects your intelligence (+2).
   It affects your dexterity (+3).
   It lets you go berserk.
Wands
 a - a wand of flame (15)
 z - a wand of random effects (25)
 U - a wand of paralysis (6)
 X - a wand of disintegration (16)
Scrolls
 c - 6 scrolls of magic mapping
 g - 3 scrolls of enchant armour {unknown}
 m - a scroll of amnesia
 q - 3 scrolls of teleportation
 v - 9 scrolls of identify
 A - 2 scrolls of immolation
 B - a scroll of vulnerability {unknown}
 C - 3 scrolls of remove curse
 D - a scroll of holy word {unknown}
 E - a scroll of fear {unknown}
 K - a scroll of fog {unknown}
 V - a scroll of blinking {unknown}
 Z - 2 scrolls of enchant weapon {unknown}
Potions
 d - 4 potions of might {unknown}
 f - a potion of ambrosia
 h - 3 potions of flight {unknown}
 i - 7 potions of curing
 j - a potion of berserk rage {unknown}
 k - a potion of heal wounds {unknown}
 l - a potion of cancellation {unknown}
 o - a potion of agility {unknown}
 r - 2 potions of lignification {unknown}
 s - 4 potions of haste
 w - a potion of magic {unknown}
 G - 2 potions of degeneration {unknown}
 H - a potion of resistance {unknown}
 R - 3 potions of brilliance {unknown}
Comestibles
 b - 29 rations


   Skills:
 + Level 4.4 Fighting
 - Level 0.8 Maces & Flails
 + Level 4.0 Armour
 + Level 6.5 Dodging
 + Level 5.4 Stealth
 + Level 14.0 Unarmed Combat
 * Level 4.5 Transmutations
 + Level 0.2 Evocations


You had 10 spell levels left.
You knew the following spells:

 Your Spells              Type           Power        Failure   Level  Hunger
a - Beastly Appendage     Tmut           #.....       8%          1    ##.....

Your spell library contained the following spells:

 Spells                   Type           Power        Failure   Level  Hunger
 Sticks to Snakes         Tmut           #.......     12%         2    ###....
 Passwall                 Tmut/Erth      #.......     30%         2    ###....
 Freeze                   Ice            #...         45%         1    ##.....
 Infusion                 Chrm           #...         45%         1    ##.....
 Sandblast                Erth           #.....       45%         1    ##.....
 Summon Butterflies       Summ           #.......     45%         1    ##.....
 Spider Form              Tmut/Pois      #.........   52%         3    ####...
 Shroud of Golubria       Chrm/Tloc      #.........   58%         2    ###....
 Song of Slaying          Chrm           #.......     58%         2    ###....
 Throw Frost              Conj/Ice       #.....       58%         2    ###....
 Call Canine Familiar     Summ           #.......     83%         3    ####...
 Ozocubu's Armour         Chrm/Ice       #.......     83%         3    ####...
 Regeneration             Chrm/Necr      #.........   83%         3    ####...
 Spectral Weapon          Hex/Chrm       #.......     83%         3    ####...
 Stone Arrow              Conj/Erth      #.....       83%         3    ####...
 Ice Form                 Ice/Tmut       #.......     89%         4    #####..
 Petrify                  Tmut/Erth      #.......     89%         4    #####..
 Blade Hands              Tmut           #.........   91%         5    ######.
 Summon Ice Beast         Ice/Summ       #.......     99%         4    #####..
 Throw Icicle             Conj/Ice       #.......     99%         4    #####..
 Lee's Rapid Deconstruct  Erth           #.........   100%        5    ######.
 Summon Mana Viper        Hex/Summ       #.......     100%        5    ######.
 Summon Hydra             Summ           #.........   100%        7    #######


Dungeon Overview and Level Annotations

Branches:
Dungeon (11/15)            Temple (1/1) D:5            Lair (0/6) D:11
    Orc (0/2) D:11

Altars:
Ashenzari
Cheibriados
Dithmenos
Elyvilon
Fedhas
Gozag
Hepliaklqana
Kikubaaqudgha
Makhleb
Nemelex Xobeh
Okawaru
Qazlal
Ru
Sif Muna
Trog
Uskayaw
Vehumet
Wu Jian
Xom
Yredelemnul
Zin
The Shining One
Beogh

Shops:
D:4 ([   D:10 }

Annotations:
D:7 1 transporter on orc army
D:9 exclusion: two-headed ogre


Innate Abilities, Weirdness & Mutations

You are too large for most types of armour.
You have claws for hands.
Your metabolism is lightning-fast.
You like to eat raw meat.
Your natural rate of healing is unusually fast.
You are covered in fur. (AC +1)
You have extremely tough skin. (AC +3)


Message History

* * * LOW HITPOINT WARNING * * *
The orc warrior completely misses you.
You scratch the orc warrior.
You kill the orc warrior!
The Council accepts your kill.
The orc wizard hits you but does no damage.
You barely miss the orc wizard. The orc wizard closely misses you.
The orc wizard barely misses you.
You barely miss the orc wizard. You claw the orc wizard.
The orc wizard is lightly wounded.
The orc wizard looks braver for a moment.
You mangle the orc wizard!!
You kill the orc wizard!
The Council accepts your kill.
Things that are here:
a +0 trident; a cursed -1 plate armour; an orc corpse The troll bites you!
* * * LOW HITPOINT WARNING * * *
The troll barely misses you. The troll claws you!
You die...

######.#.#.###.###########...#.#
...###.#.#.....##........#.....#
.....#.#.####.###.######.#...###
...#.#.#.# ##..##.######.#.#.####
...#.#.#.# #..©........#.#.#.##..
...#.#...###############.#.#.##..
...+.#####.%[)©.)..## #.#.####..
...#.####%.)#####T..# #.#.# #..
.[......#%...#.#@...# #.#.# #..
....###.#.#.......#.####.#.# #..
###[# #.#.##.8.8.##.#....#.####..
#.# #.#.#..._...#©#.####.......
#.# #.#.##.8.8.##.#.#######....
###.# #.#.#}......#.#.......#....
....###.#...$#$#....#####........
....)...#...#####... #.#.#####
.######### .o...o. #.#.##...


You could see a troll.

Vanquished Creatures
  Gastronok (D:9)
  6 two-headed ogres
  An ugly thing (D:11)
  3 manticores (D:11)
  A centaur zombie (D:11)
  A kobold demonologist (D:11)
  4 trolls
  A wraith (D:10)
  4 hogs (D:7)
  12 yaks
  A human (D:7)
  A hungry ghost (D:9)
  Grum (D:10)
  A wyvern (D:9)
  Edmund (D:6)
  A soldier ant (D:10)
  A warg (D:11)
  A water moccasin (D:10)
  6 sky beasts
  A hornet zombie (D:6)
  5 orc warriors
  An ice beast (D:10)
  2 phantoms
  2 black bears
  4 necrophages
  3 ogres
  3 centaurs
  2 wolves (D:10)
  A crocodile (D:9)
  7 big kobolds
  5 bullfrogs
  3 scorpions
  9 killer bees
  6 wights (D:7)
  3 howler monkeys
  3 crimson imps
  2 jellies
  8 orc priests
  2 hounds
  2 bullfrog skeletons
  Terence (D:2)
  3 iguanas
  6 orc wizards
  8 worker ants
  A hound zombie (D:10)
  2 hound skeletons
  A worker ant zombie (D:8)
  4 gnolls (D:6)
  10 adders
  3 shadow imps
  An ooze (D:2)
  2 adder skeletons
  4 worms
  3 leopard geckos
  46 orcs
  6 giant cockroaches
  6 hobgoblins
  11 jackals
  3 bats
  4 frilled lizards
  8 goblins
  32 kobolds
  8 kobold skeletons (D:11)
  10 kobold zombies (D:11)
  A leopard gecko skeleton (D:4)
  10 rats
316 creatures vanquished.

Vanquished Creatures (others)
  An orc wizard (D:11)
1 creature vanquished.

Grand Total: 317 creatures vanquished

Notes
Turn   | Place    | Note
-------+----------+-------------------------------------------
     0 | D:1      | mahrnol the Troll Monk began the quest for the Orb.
     0 | D:1      | Reached XP level 1. HP: 22/22 MP: 0/0
   118 | D:1      | Reached XP level 2. HP: 28/29 MP: 1/1
   888 | D:2      | Reached XP level 3. HP: 36/36 MP: 2/2
   950 | D:2      | Found a glowing golden altar of the Shining One.
  1261 | D:2      | Reached skill level 4 in Unarmed Combat
  1261 | D:2      | Reached XP level 4. HP: 44/44 MP: 3/3
  1304 | D:2      | Found a shadowy altar of Dithmenos.
  1305 | D:2      | Found a hide-covered altar of Uskayaw.
  1305 | D:2      | Found a shimmering altar of Xom.
  1370 | D:2      | Found a basalt altar of Yredelemnul.
  1545 | D:2      | Found an ancient bone altar of Kikubaaqudgha.
  1588 | D:2      | Found a hazy altar of Hepliaklqana.
  1763 | D:2      | Noticed Terence
  1775 | D:2      | Killed Terence
  2289 | D:3      | Reached XP level 5. HP: 50/50 MP: 4/4
  2368 | D:3      | Found an opulent altar of Gozag.
  2957 | D:4      | Reached skill level 5 in Unarmed Combat
  3038 | D:4      | Reached XP level 6. HP: 47/59 MP: 5/5
  3200 | D:4      | Found Raunuuw's Antique Armour Shoppe.
  3274 | D:4      | Found Ruugoej's Antique Weapon Shop.
  3360 | D:4      | Reached skill level 6 in Unarmed Combat
  3852 | D:5      | Entered Level 5 of the Dungeon
  4013 | D:5      | Found a staircase to the Ecumenical Temple.
  4023 | Temple   | Entered the Ecumenical Temple
  4224 | Temple   | Became a worshipper of the Wu Jian Council
  4224 | Temple   | Reached * piety under Wu Jian
  4224 | Temple   | Reached ** piety under Wu Jian
  4319 | D:5      | Reached XP level 7. HP: 63/66 MP: 6/6
  4670 | D:5      | Found a blossoming altar of Fedhas.
  4941 | D:6      | Reached skill level 7 in Unarmed Combat
  5111 | D:6      | Reached XP level 8. HP: 74/74 MP: 7/7
  5274 | D:6      | Noticed Edmund
  5293 | D:6      | Killed Edmund
  5293 | D:6      | Reached skill level 8 in Unarmed Combat
  5722 | D:7      | Found a transporter.
  5724 | D:7      | Found a roughly hewn altar of Beogh.
  5724 | D:7      | Found a transporter.
  5725 | D:7      | Noticed a two-headed ogre
  5795 | D:7      | Reached skill level 9 in Unarmed Combat
  5850 | D:7      | Learned a level 1 spell: Beastly Appendage
  6128 | D:7      | Reached XP level 9. HP: 32/80 MP: 8/8
  6143 | D:7      | Reached skill level 10 in Unarmed Combat
  6786 | D:8      | Reached *** piety under Wu Jian
  6885 | D:8      | Reached skill level 11 in Unarmed Combat
  6948 | D:8      | Reached skill level 5 in Dodging
  7306 | D:8      | Noticed a two-headed ogre
  8099 | D:8      | Reached XP level 10. HP: 88/88 MP: 9/9
  8190 | D:9      | Noticed a two-headed ogre
  8326 | D:9      | Noticed Gastronok
  8341 | D:9      | Killed Gastronok
  8341 | D:9      | Reached skill level 12 in Unarmed Combat
  8438 | D:9      | Reached **** piety under Wu Jian
  8451 | D:9      | Noticed a two-headed ogre
  8717 | D:10     | Entered Level 10 of the Dungeon
  8807 | D:10     | Noticed Grum
  8822 | D:10     | Killed Grum
  8902 | D:10     | Noticed a two-headed ogre
  8920 | D:10     | Killed a two-headed ogre
  8920 | D:10     | Reached skill level 1 in Armour
  8979 | D:10     | Found Ylloabed's Gadget Emporium.
  9018 | D:10     | Reached skill level 5 in Stealth
  9026 | D:10     | Reached XP level 11. HP: 72/97 MP: 10/10
  9078 | D:10     | Got a sparkling brass amulet
  9084 | D:10     | Identified the amulet "Kutots" {+Rage Int+2 Dex+3} (You
                  | found it on level 10 of the Dungeon)
  9314 | D:10     | Found a basalt altar of Yredelemnul.
  9824 | D:11     | Found a bloodstained altar of Trog.
  9937 | D:11     | Noticed a two-headed ogre
  9938 | D:11     | Noticed a two-headed ogre
  9940 | D:11     | Noticed a two-headed ogre
  9967 | D:11     | Found a staircase to the Orcish Mines.
 10091 | D:11     | Killed a two-headed ogre
 10206 | D:11     | Noticed a red ugly thing
 10257 | D:11     | Reached ***** piety under Wu Jian
 10275 | D:11     | Killed a red ugly thing
 10328 | D:11     | Found an ancient bone altar of Kikubaaqudgha.
 10501 | D:11     | Killed a two-headed ogre
 10501 | D:11     | Reached skill level 13 in Unarmed Combat
 10829 | D:11     | Found a staircase to the Lair.
 10956 | D:11     | Killed a two-headed ogre
 10992 | D:11     | Reached XP level 12. HP: 78/107 MP: 11/11
 11140 | D:9      | Killed a two-headed ogre
 11254 | D:7      | Killed a two-headed ogre
 11261 | D:7      | Reached skill level 14 in Unarmed Combat
 11279 | D:7      | Slain by a troll

Skill      XL: |  1  2  3  4  5  6  7  8  9 10 11 12 |
---------------+-------------------------------------+-----
Dodging        | 3 4 5 6 |  6.5
Unarmed Combat | 4 5 6 7 9 11 12 13 14 | 14.0
Stealth        | 2 3 4 5 |  5.4
Transmutations | 3 4 |  4.5
Fighting       | 3 4 |  4.4
Armour         | 1 3 4 |  4.0
Maces & Flails | |  0.8
Evocations     | |  0.2

Action                   |  1- 3 |  4- 6 |  7- 9 | 10-12 || total
-------------------------+-------+-------+-------+-------++-------
Melee: Unarmed           |    85 |   132 |   319 |   437 ||   973
       Punch             |     1 |     3 |    13 |    28 ||    45
       Mace              |       |       |       |     2 ||     2
 Cast: Beastly Appendage |       |       |       |     1 ||     1
Invok: Lunge             |       |     1 |    22 |    43 ||    66
       Whirlwind         |       |       |     9 |    40 ||    49
       Serpent's Lash    |       |       |       |     1 ||     1
 Abil: Wall Jump         |       |       |     1 |     1 ||     2
       Evoke Berserk Rag |       |       |       |     1 ||     1
  Use: Potion            |       |       |     2 |       ||     2
       Scroll            |       |       |       |     6 ||     6
 Stab: Sleeping          |     2 |     8 |    10 |     7 ||    27
       Distracted        |       |       |     2 |     2 ||     4
  Eat: Chunk             |    17 |    26 |    33 |    38 ||   114
Armor: Robe              |    22 |    35 |    44 |     3 ||   104
       Troll leather arm |       |       |       |    73 ||    73
Dodge: Dodged            |    56 |    51 |   123 |   216 ||   446
